 Dungeon Crawl Stone Soup version 0.26.0-16-gc1dbca0489 (webtiles) character file.

Game seed: 8821208289000110328

49 Majorwet the Gusty (level 3, 0/26 HPs)
             Began as a Demonspawn Air Elementalist on Jan 19, 2021.
             Slain by Sigmund
             ... wielding a +0 scythe
              (10 damage)
             ... on level 1 of the Dungeon.
             The game lasted 00:12:15 (2555 turns).

Majorwet the Gusty (Demonspawn Air Elementalist)    Turns: 2555, Time: 00:12:16

Health: 0/26       AC:  2    Str:  8    XL:     3   Next: 53%
Magic:  1/6        EV: 12    Int: 19    God:
Gold:   121        SH:  0    Dex: 13    Spells: 5/6 levels left

rFire    + . .     SeeInvis .   d - +0 club
rCold    . . .     Faith    .   (no shield)
rNeg     . . .     Spirit   .   a - +0 robe
rPois    .         Reflect  .   (helmet restricted)
rElec    .         Harm     .   (no cloak)
rCorr    .         Rampage  .   (no gloves)
Will     .....                  (no boots)
Stlth    ++........             (no amulet)
HPRegen  0.08/turn              (no ring)
MPRegen  0.10/turn              (no ring)

@: attractive, very slightly contaminated, invisible
A: horns 2, clever 1, fire resistance 1
a: no special abilities


You were on level 1 of the Dungeon.
You visited 1 branch of the dungeon, and saw 2 of its levels.

You collected 121 gold pieces.

Inventory:

Hand Weapons
 d - a +0 club (weapon)
Armour
 a - a +0 robe (worn)
Scrolls
 b - 2 scrolls of remove curse
 h - 2 scrolls of enchant armour {unknown}
 k - a scroll of fog {unknown}
 l - a scroll of identify {unknown}
 n - a scroll of blinking {unknown}
Potions
 f - a potion of heal wounds {unknown}
 i - a potion of haste {unknown}
 j - a potion of lignification {unknown}


   Skills:
 * Level 1.1 Fighting
 + Level 1.9 Dodging
 - Level 1.7 Stealth
 + Level 2.3 Spellcasting
 + Level 1.3 Conjurations
 + Level 3.5 Air Magic


You had 5 spell levels left.
You knew the following spells:

 Your Spells              Type           Power        Failure   Level
a - Shock                 Conj/Air       44%          6%          1

Your spell library contained the following spells:

 Spells                   Type           Power        Failure   Level
 Swiftness                Air            15%          6%          2
 Static Discharge         Conj/Air       11%          19%         3
 Airstrike                Air            7%           36%         4
 Lightning Bolt           Conj/Air       5%           86%         5


Dungeon Overview and Level Annotations

Branches:
Dungeon (2/15)

Altars:
Elyvilon
Yredelemnul

Annotations:
D:1 Sigmund


Innate Abilities, Weirdness & Mutations

You have a pair of horns on your head.
Your flesh is heat resistant. (rF+)
Your mind is acute. (Int +2)


Message History

You feel attractive to monsters. Something is pulled toward you!
You barely miss something. Something barely misses you.
Unknown command.
You bump into the rock wall.
Something barely misses you.
It was a potion of curing.
You feel better.
You feel better. Something hits you!
Aiming: Shock (safe; 6% risk of failure)
Press: ? - help, Q - select action Shift-Dir - straight line Something hits you.
Aiming: Shock (safe; 6% risk of failure)
Press: ? - help, Q - select action Shift-Dir - straight line A magic dart appears from out of thin air!
Something is pulled toward you! Something is pulled toward you!
Something is pulled toward you!
You hear a shout!
Something is pulled toward you! Something hits you!
You die...

#.##..##≈≈≈##..#..#.# #...
#.##...#####........# #...
##.##...............## #...
#...###########.....# #... #...#
#......##.#### #######... #...#
#......##.# ##......... ##.##
#.........# #..........
##.#####......##.# #..........
......##......##@######.######...
..#.#.##......##....##...# #...
.###..##########.........# #...
## ##.# ####.##...# #... .###..#
####### #.###### #... ..#...#
#.....# #.# ###... ##..###
#.###.#####.# #..... ##.#####.#
#.......# ####.##..
#...>...###.####### #.....#..


There were no monsters in sight!

Vanquished Creatures
  An adder (D:2)
  2 worms (D:2)
  2 dart slugs (D:1)
  2 leopard geckos
  A ball python (D:1)
  2 giant cockroaches
  4 goblins
  3 hobgoblins
  4 bats
  4 frilled lizards
  A kobold (D:1)
  3 rats (D:1)
29 creatures vanquished.

Vanquished Creatures (others)
  A plant (D:2)
1 creature vanquished.

Grand Total: 30 creatures vanquished

Notes
Turn   | Place    | Note
-------+----------+-------------------------------------------
     0 | D:1      | Majorwet the Demonspawn Air Elementalist began the quest
                  | for the Orb.
     0 | D:1      | Reached XP level 1. HP: 13/13 MP: 3/3
   142 | D:1      | Reached skill level 3 in Air Magic
   452 | D:1      | Gained mutation: You have a pair of small horns on your
                  | head. [demonic ancestry]
   452 | D:1      | Reached XP level 2. HP: 20/20 MP: 3/5
  1407 | D:2      | Gained mutation: Your flesh is heat resistant. (rF+)
                  | [demonic ancestry]
  1407 | D:2      | Reached XP level 3. HP: 25/25 MP: 0/6
  1484 | D:2      | Found a faded altar of an unknown god.
  1579 | D:2      | Reached skill level 1 in Fighting
  1806 | D:2      | Found a basalt altar of Yredelemnul.
  1882 | D:2      | Found a white marble altar of Elyvilon.
  2032 | D:2      | Noticed Sigmund
  2541 | D:1      | Gained mutation: You have a pair of horns on your head.
                  | [potion of mutation]
  2541 | D:1      | Gained mutation: Your mind is acute. (Int +2) [potion of
                  | mutation]
  2555 | D:1      | Slain by Sigmund

Illustrated notes

Levels and vault maps discovered:
D:1:      lightli_arrival_statuegarden, layout_loops_cross
D:2:      layout_basic, kennysheep_ying_yang, chequers_ecumenical_altar_lobes,
          minmay_cut_off, uniq_robin, uniq_terence, uniq_sigmund

Skill      XL: |  1  2  3 |
---------------+----------+-----
Air Magic      | 3 |  3.5
Fighting       | 1 |  1.1
Dodging        | |  1.9
Stealth        | |  1.7
Spellcasting   | |  2.3
Conjurations   | |  1.3

Action                   || total
-------------------------++-------
Melee: Unarmed           ||     9
       Club              ||    26
       Headbutt          ||     2
 Cast: Shock             ||    55
  Use: Scroll            ||     1
       Potion            ||     5
 Stab: Sleeping          ||     1
Armor: Robe              ||    16
Dodge: Dodged            ||    53
